 Dungeon Crawl Stone Soup version 0.24.0-123-gd5b16e6ec5 (webtiles) character file.

Game seed: 4065168141828265051, levelgen mode: deterministic

182 Martska the Chiller (level 5, -5/39 HPs)
             Began as a Merfolk Ice Elementalist on Feb 7, 2020.
             Was an Initiate of the Shining One.
             Shot with an arrow by a centaur (8 damage)
             ... on level 4 of the Dungeon.
             The game lasted 00:09:42 (3388 turns).

Martska the Chiller (Merfolk Ice Elementalist)      Turns: 3388, Time: 00:09:43

Health: -5/39      AC:  5    Str:  8    XL:     5   Next: 61%
Magic:  13/18      EV: 13    Int: 15    God:    the Shining One [......]
Gold:   117        SH:  0    Dex: 15    Spells: 2/10 levels left

rFire    + . .     SeeInvis .   B - +1 trident
rCold    . . .     Gourm    .   (no shield)
rNeg     . . .     Faith    .   z - +0 leather armour
rPois    .         Spirit   .   (no helmet)
rElec    .         Reflect  .   s - +1 cloak
rCorr    .         Harm     .   (no gloves)
MR       .....                  (no boots)
Stlth    +.........             (no amulet)
HPRegen  0.13/turn              v - ring of magical power
MPRegen  0.16/turn              y - ring of protection from fire

@: glowing
A: change form in water, swift swim, stealthy swim
a: Renounce Religion


You were on level 4 of the Dungeon.
You worshipped the Shining One.
The Shining One was noncommittal.
You were not hungry.

You visited 1 branch of the dungeon, and saw 4 of its levels.

You collected 117 gold pieces.

Inventory:

Hand Weapons
 b - a +0 club
 B - a +1 trident (weapon)
Armour
 a - a +0 robe
 s - a +1 cloak (worn)
 z - a +0 leather armour (worn)
Jewellery
 v - a ring of magical power (left hand)
 y - a ring of protection from fire (right hand)
Wands
 t - a wand of digging (5)
Scrolls
 e - a scroll of random uselessness {unknown}
 g - a scroll of fog {unknown}
 j - 2 scrolls of magic mapping
 k - a scroll of enchant weapon
 m - 3 scrolls of identify {unknown}
 o - 3 scrolls of remove curse
 u - a scroll of fear {unknown}
 x - a scroll of noise {unknown}
Potions
 d - a potion of degeneration {unknown}
 f - a potion of heal wounds {unknown}
 h - a potion of flight {unknown}
 i - a potion of might {unknown}
 l - a potion of curing {unknown}
 n - a potion of invisibility {unknown}
 p - 2 potions of mutation {unknown}
 q - a potion of cancellation {unknown}
 r - 2 potions of agility {unknown}
 w - 2 potions of ambrosia {unknown}
 A - a potion of haste {unknown}
Comestibles
 c - a ration


   Skills:
 + Level 2.6 Fighting
 + Level 0.0 Polearms
 + Level 4.3 Dodging
 - Level 2.1 Stealth
 - Level 3.0 Spellcasting
 + Level 0.7 Conjurations
 + Level 0.6 Charms
 + Level 4.3 Ice Magic


You had 2 spell levels left.
You knew the following spells:

 Your Spells              Type           Power        Failure   Level  Hunger
a - Freeze                Ice            ###.         4%          1    #......
b - Ozocubu's Armour      Chrm/Ice       #.......     32%         3    ###....
c - Throw Icicle          Conj/Ice       #.......     71%         4    #####..

Your spell library contained the following spells:

 Spells                   Type           Power        Failure   Level  Hunger
 Throw Frost              Conj/Ice       #.....       16%         2    ##.....
 Summon Ice Beast         Ice/Summ       #.......     75%         4    #####..


Dungeon Overview and Level Annotations

Branches:
Dungeon (4/15)
 Temple: D:4-7

Altars:
Makhleb
The Shining One


Message History

The centaur hits you!
Casting: Freeze (safe; 4% risk of failure)
Confirm with . or Enter, or press ? or * to list all spells.
Aiming: Freeze (safe; 4% risk of failure)
Press: ? - help, Shift-Dir - straight line, f/p - centaur
Aim: a centaur (moderately wounded, haloed)
You freeze the centaur.
The centaur is moderately wounded.
The centaur hits you!
* * * LOW HITPOINT WARNING * * *
The centaur closely misses you.
As you read the scroll labeled ACICOLLAAWN, it crumbles to dust.
It is a scroll of enchant weapon.
Your +0 trident glows red for a moment.
The centaur closely misses you.
The centaur wields a +0 shortbow.
The centaur shoots an arrow.
The arrow hits you.
* * * LOW HITPOINT WARNING * * *
The centaur shoots an arrow.
The arrow completely misses you.
The centaur shoots an arrow.
The arrow hits you!
You die...

*,,,,,,,,,,** ##...##
##.... **,,,,,,,,**
#.....## ###...
**,,,,,,**
#......####..... ***,*,,*
##......##...... **,,**
####.........## *,,**
####)....#### ** **,,*
###(.....###**** ,**
**,.,** #####......###
**,,,
,,***,,...####..@<.(..###
**,,,,
,,,,,,,.............###
**,,,,,
,,,,,,,......c.(....#
*,,,,,,
*,,****###.........##
**,,,,, **** #####.....#
**,,,, ###...# **,,,
##### *,,, ****


You could see a centaur.

Vanquished Creatures
  An orc wizard (D:4)
  A worker ant (D:4)
  A howler monkey skeleton (D:4)
  5 adders
  A worm (D:4)
  A dart slug (D:4)
  3 leopard geckos
  6 orcs (D:4)
  4 giant cockroaches
  9 goblins
  7 hobgoblins
  7 jackals
  3 kobolds (D:1)
  7 bats
  4 frilled lizards
  A leopard gecko skeleton (D:4)
  6 rats
67 creatures vanquished.

Notes
Turn   | Place    | Note
-------+----------+-------------------------------------------
     0 | D:1      | Martska the Merfolk Ice Elementalist began the quest for
                  | the Orb.
     0 | D:1      | Reached XP level 1. HP: 13/13 MP: 3/3
    67 | D:1      | Reached XP level 2. HP: 19/20 MP: 0/5
   341 | D:1      | Reached skill level 1 in Fighting
   720 | D:1      | Reached XP level 3. HP: 21/26 MP: 4/6
  1308 | D:2      | Learned a level 3 spell: Ozocubu's Armour
  1386 | D:2      | Found a glowing golden altar of the Shining One.
  1395 | D:2      | Became a worshipper of the Shining One
  1470 | D:2      | Reached XP level 4. HP: 31/33 MP: 3/7
  1756 | D:2      | Found a burning altar of Makhleb.
  2945 | D:4      | Reached XP level 5. HP: 35/38 MP: 5/9
  3148 | D:4      | Learned a level 4 spell: Throw Icicle
  3379 | D:4      | Noticed a centaur
  3388 | D:4      | Shot with an arrow by a centaur

Levels and vault maps discovered:
D:1:      minmay_arrival_three_doors, layout_basic
D:2:      layout_rooms, lemuel_coloured_pillars_altar, makhleb_grotto_becter,
          first_ration
D:3:      layout_loops_ring
D:4:      layout_cave_pods

Skill      XL: |  1  2  3  4  5 |
---------------+----------------+-----
Dodging        | 3 4 |  4.3
Fighting       | 1 2 |  2.6
Ice Magic      | 4 |  4.3
Spellcasting   | 3 |  3.0
Stealth        | |  2.1
Conjurations   | |  0.7
Charms         | |  0.6

Action                   |  1- 3 |  4- 6 || total
-------------------------+-------+-------++-------
Melee: Club              |    53 |    26 ||    79
 Cast: Freeze            |    40 |    69 ||   109
  Use: Scroll            |       |     3 ||     3
 Stab: Sleeping          |     3 |       ||     3
  Eat: Ration            |     1 |     2 ||     3
Armor: Robe              |    15 |     4 ||    19
       Leather armour    |       |    19 ||    19
Dodge: Dodged            |    77 |    54 ||   131
